3R
GREENPORT HARBOR WHALES @ GIBTOWN ELEPHANTS
07/11/2038
 
TOP OF THE 1ST
Greenport Harbor Whales batting - Pitching for Gibtown Elephants : RHP António López
Pitching: RHP António López
Batting: RHB Kazuki Takahashi 0-0: SINGLE (Line Drive, 9S, EV 108.1 MPH)
Batting: LHB Ronald Lithgoe 0-0: Called Strike
0-1: Called Strike
0-2: Fly out, F7 (Flyball, 7, EV 96.2 MPH)
Batting: SHB Germán López 0-0: Foul Ball, location: 2F
0-1: Ball
1-1: Ball
2-1: Foul Ball, location: 2F
2-2: Foul Ball, location: 2F
2-2: Ground out 6-3 (Groundball, 6S, EV 71.9 MPH)
Kazuki Takahashi to second
Batting: LHB Damon Cross 0-0: Called Strike
0-1: Swinging Strike
0-2: Ball
1-2: Foul Ball, location: 2F
1-2: Foul Ball, location: 2F
1-2: Ball
2-2: Ball
3-2: Strikes out swinging
Top of the 1st over - 0 runs, 1 hit, 0 errors, 1 left on base; Greenport 0 - Gibtown 0
BOTTOM OF THE 1ST
Gibtown Elephants batting - Pitching for Greenport Harbor Whales : LHP Félix Ortíz
Pitching: LHP Félix Ortíz
Batting: RHB Guillermo Alemán 0-0: Ball
1-0: Fly out, F8 (Flyball, 8RS, EV 81.2 MPH)
Batting: SHB Christian Cole 0-0: Ball
1-0: Called Strike
1-1: Swinging Strike
1-2: Foul Ball, location: 2F
1-2: Strikes out looking
Batting: RHB Joe Frank 0-0: Ball
1-0: Ball
2-0: Called Strike
2-1: Ball
3-1: Base on Balls
Batting: RHB Virgil Guldenmond 0-0: Ball
1-0: Ball
2-0: Called Strike
2-1: Ball
3-1: Base on Balls
Joe Frank to second
Batting: LHB Jeff McNeice 0-0: Ball
1-0: Swinging Strike
1-1: Swinging Strike
1-2: Ball
2-2: Foul Ball, location: 2F
2-2: Ball
3-2: Foul Ball, location: 2F
3-2: Foul Ball, location: 2F
3-2: SINGLE (Line Drive, 89S, EV 98.8 MPH)
Joe Frank to third
Virgil Guldenmond to second
Joe Frank scores
Virgil Guldenmond to third
Batting: LHB Jorge Cruz 0-0: Ground out 4-3 (Groundball, 4S, EV 90.6 MPH)
Bottom of the 1st over - 1 run, 1 hit, 0 errors, 2 left on base; Greenport 0 - Gibtown 1
TOP OF THE 2ND
Greenport Harbor Whales batting - Pitching for Gibtown Elephants : RHP António López
Batting: RHB Ben Russell 0-0: Ball
1-0: Foul Ball, location: 2F
1-1: Ball
2-1: Swinging Strike
2-2: Ball
3-2: Base on Balls
Batting: LHB Kyung-ryul Kim 0-0: Ball
1-0: Called Strike
1-1: Ball
2-1: Fielders Choice at 2nd, 4-6 (Groundball, 34D, EV 86.2 MPH)
Batting: RHB Román Espinoza 0-0: SINGLE (Line Drive, 9LS, EV 90.6 MPH)
Kyung-ryul Kim to second
Runner from 2nd tries for 3rd, SAFE, no throw by RF
Batting: RHB Greg Howard 0-0: Ball
1-0: Ball
2-0: Swinging Strike
2-1: Swinging Strike
2-2: Strikes out swinging
Batting: RHB Jacob James 0-0: Called Strike
0-1: Fly out, F9 (Flyball, 9S, EV 80.6 MPH)
Top of the 2nd over - 0 runs, 1 hit, 0 errors, 2 left on base; Greenport 0 - Gibtown 1
BOTTOM OF THE 2ND
Gibtown Elephants batting - Pitching for Greenport Harbor Whales : LHP Félix Ortíz
Batting: LHB Dan Quintana 0-0: Foul Ball, location: 2F
0-1: Ball
1-1: Fly out, F8 (Line Drive, 8LD, EV 101.2 MPH)
Batting: RHB Brian Martin 0-0: Foul Ball, location: 2F
0-1: Foul Ball, location: 2F
0-2: Ball
1-2: Ball
2-2: Strikes out swinging
Batting: RHB Colton Pennington 0-0: Foul Ball, location: 2F
0-1: Fly out, F5 (Line Drive, 5, EV 63.8 MPH)
Bottom of the 2nd over - 0 runs, 0 hits, 0 errors, 0 left on base; Greenport 0 - Gibtown 1
TOP OF THE 3RD
Greenport Harbor Whales batting - Pitching for Gibtown Elephants : RHP António López
Batting: RHB Kazuki Takahashi 0-0: Foul Ball, location: 2F
0-1: Swinging Strike
0-2: Foul Ball, location: 2F
0-2: Strikes out swinging
Batting: LHB Ronald Lithgoe 0-0: Called Strike
0-1: Swinging Strike
0-2: Ball
1-2: Strikes out swinging
Batting: SHB Germán López 0-0: Called Strike
0-1: Called Strike
0-2: Foul Ball, location: 2F
0-2: Ball
1-2: Ball
2-2: Strikes out looking
Top of the 3rd over - 0 runs, 0 hits, 0 errors, 0 left on base; Greenport 0 - Gibtown 1
BOTTOM OF THE 3RD
Gibtown Elephants batting - Pitching for Greenport Harbor Whales : LHP Félix Ortíz
Batting: RHB Guillermo Alemán 0-0: Called Strike
0-1: Fly out, F6 (Popup, 6MS, EV 73.8 MPH)
Batting: SHB Christian Cole 0-0: Foul Ball, location: 2F
0-1: Ball
1-1: Called Strike
1-2: Ball
2-2: Ball
3-2: Strikes out swinging
Batting: RHB Joe Frank 0-0: Ball
1-0: DOUBLE (Line Drive, 9LM, EV 95.6 MPH)
Batting: RHB Virgil Guldenmond 0-0: Called Strike
0-1: Called Strike
0-2: Ball
1-2: Foul Ball, location: 2F
1-2: Ball
2-2: Reached via error on a dropped throw from 3B, E3 (Groundball, 56, EV 85.6 MPH)
Joe Frank to third
Batting: LHB Jeff McNeice 0-0: Called Strike
0-1: Ball
1-1: Ball
2-1: Ball
3-1: Base on Balls
Virgil Guldenmond to second
Batting: LHB Jorge Cruz 0-0: Ball
1-0: Foul Ball, location: 2F
1-1: Called Strike
1-2: DOUBLE (Line Drive, 78M, EV 105.6 MPH)
Joe Frank scores
Virgil Guldenmond scores
Jeff McNeice to third
Batting: LHB Dan Quintana 0-0: Swinging Strike
0-1: DOUBLE (Line Drive, 7LS, EV 92.5 MPH)
Jeff McNeice scores
Jorge Cruz scores
Batting: RHB Brian Martin 0-0: Called Strike
0-1: Ball
1-1: Swinging Strike
1-2: Ball
2-2: Ground out 6-3 (Groundball, 6M, EV 94.4 MPH)
Bottom of the 3rd over - 4 runs, 3 hits, 1 error, 1 left on base; Greenport 0 - Gibtown 5
TOP OF THE 4TH
Greenport Harbor Whales batting - Pitching for Gibtown Elephants : RHP António López
Batting: LHB Damon Cross 0-0: SINGLE (Groundball, 56D, EV 110.0 MPH)
Batting: RHB Ben Russell 0-0: Ball
1-0: Ball
Wild Pitch!
Damon Cross to second
2-0: SINGLE (Line Drive, 5D, EV 98.8 MPH)
Damon Cross to third
Batting: LHB Kyung-ryul Kim 0-0: Swinging Strike
0-1: Ball
1-1: Ball
2-1: Swinging Strike
2-2: Foul Ball, location: 2F
2-2: Foul Ball, location: 2F
2-2: Foul Ball, location: 2F
2-2: Fly out, F8 (Flyball, 8LS, EV 87.5 MPH)
Batting: RHB Román Espinoza 0-0: Ball
1-0: Foul Ball, location: 2F
1-1: Ball
2-1: Ball
3-1: Foul Ball, location: 2F
3-2: Foul Ball, location: 2F
3-2: Foul Ball, location: 2F
3-2: DOUBLE (Flyball, 78D, EV 109.4 MPH)
Damon Cross scores
Ben Russell to third
Batting: RHB Greg Howard 0-0: Swinging Strike
0-1: Ball
1-1: Swinging Strike
1-2: Ball
2-2: Ball
3-2: Strikes out looking
Batting: RHB Jacob James 0-0: Called Strike
0-1: Ball
1-1: Ball
2-1: SINGLE (Line Drive, 78M, EV 98.8 MPH)
Ben Russell scores
Román Espinoza to third
Runner from 3rd tries for Home, SAFE, no throw by LF
Batting: RHB Kazuki Takahashi 0-0: Ball
1-0: Foul Ball, location: 2F
1-1: Ball
2-1: Ball
3-1: Foul Ball, location: 2F
3-2: Base on Balls
Jacob James to second
Batting: LHB Ronald Lithgoe 0-0: Ball
1-0: Ball
2-0: Foul Ball, location: 2F
2-1: Foul Ball, location: 2F
2-2: Foul Ball, location: 2F
2-2: Ball
3-2: Base on Balls
Jacob James to third
Kazuki Takahashi to second
Batting: SHB Germán López 0-0: Swinging Strike
0-1: Ball
1-1: DOUBLE (Line Drive, 3D, EV 105.0 MPH)
Jacob James scores
Kazuki Takahashi scores
Ronald Lithgoe to third
Runner from 3rd tries for Home, throw by RF and OUT! 9-4-2
Top of the 4th over - 5 runs, 5 hits, 0 errors, 1 left on base; Greenport 5 - Gibtown 5
BOTTOM OF THE 4TH
Gibtown Elephants batting - Pitching for Greenport Harbor Whales : LHP Félix Ortíz
Batting: RHB Colton Pennington 0-0: Foul Ball, location: 2F
0-1: Ball
1-1: Called Strike
1-2: Ground out 6-3 (Groundball, 6, EV 77.5 MPH)
Batting: RHB Guillermo Alemán 0-0: Ball
1-0: Called Strike
1-1: Ball
2-1: Foul Ball, location: 2F
2-2: Foul Ball, location: 2F
2-2: Fly out, F9 (Flyball, 9LMF, EV 105.6 MPH)
Batting: SHB Christian Cole 0-0: Called Strike
0-1: Swinging Strike
0-2: Ball
1-2: Ball
2-2: Ball
3-2: Base on Balls
Batting: RHB Joe Frank 0-0: Ball
1-0: Foul Ball, location: 2F
1-1: Foul Ball, location: 2F
1-2: Strikes out swinging
Bottom of the 4th over - 0 runs, 0 hits, 0 errors, 1 left on base; Greenport 5 - Gibtown 5
TOP OF THE 5TH
Greenport Harbor Whales batting - Pitching for Gibtown Elephants : RHP António López
Pitching: RHP Bill Culshaw
Batting: LHB Damon Cross 0-0: SOLO HOME RUN (Flyball, 9D, EV 93.1 MPH), Distance : 375 ft
Batting: RHB Ben Russell 0-0: Swinging Strike
0-1: Foul Ball, location: 2F
0-2: Ball
1-2: Strikes out looking
Batting: LHB Kyung-ryul Kim 0-0: Ball
1-0: Foul Ball, location: 2F
1-1: Foul Ball, location: 2F
1-2: Foul Ball, location: 2F
1-2: Ball
2-2: SINGLE (Groundball, 6MD, EV 97.5 MPH)
Batting: RHB Román Espinoza 0-0: Ball
1-0: Fly out, F8 (Flyball, 8LD, EV 97.5 MPH)
Batting: RHB Greg Howard 0-0: Called Strike
Kyung-ryul Kim is caught stealing 2nd base 2-4
Top of the 5th over - 1 run, 2 hits, 0 errors, 0 left on base; Greenport 6 - Gibtown 5
BOTTOM OF THE 5TH
Gibtown Elephants batting - Pitching for Greenport Harbor Whales : LHP Félix Ortíz
Batting: RHB Virgil Guldenmond 0-0: Called Strike
0-1: Swinging Strike
0-2: Foul Ball, location: 2F
0-2: Ball
1-2: Ball
2-2: Foul Ball, location: 2F
2-2: DOUBLE (Line Drive, 9LM, EV 102.5 MPH)
Batting: LHB Jeff McNeice 0-0: Foul Ball, location: 2F
0-1: Ball
1-1: Ball
2-1: Ball
3-1: Base on Balls
Pitching: LHP Henry Burge
Batting: LHB Jorge Cruz 0-0: Called Strike
0-1: Fly out, F9 (Flyball, 9LS, EV 96.9 MPH)
Batting: LHB Dan Quintana 0-0: Ground out 5-3 (Groundball, 6S, EV 86.2 MPH)
Virgil Guldenmond to third
Jeff McNeice to second
Batting: RHB Brian Martin 0-0: Ball
1-0: Ball
2-0: Called Strike
2-1: Ball
3-1: Base on Balls
Batting: RHB Colton Pennington 0-0: Ball
1-0: Ball
2-0: Foul Ball, location: 2F
2-1: SINGLE (Groundball, 6D, EV 95.0 MPH)
Virgil Guldenmond scores
Jeff McNeice to third
Brian Martin to second
Runner from 3rd tries for Home, SAFE, throw by CF to home
Batting: RHB Guillermo Alemán 0-0: Ball
1-0: Called Strike
1-1: Swinging Strike
1-2: Strikes out swinging
Bottom of the 5th over - 2 runs, 2 hits, 0 errors, 2 left on base; Greenport 6 - Gibtown 7
TOP OF THE 6TH
Greenport Harbor Whales batting - Pitching for Gibtown Elephants : RHP Bill Culshaw
Batting: RHB Greg Howard 0-0: Called Strike
0-1: Ball
1-1: Ball
2-1: Ball
3-1: Swinging Strike
3-2: Base on Balls
Batting: RHB Jacob James 0-0: Sac Bunt to 5S - play at first, batter OUT! 5-4
Greg Howard to second
Batting: RHB Kazuki Takahashi 0-0: Ground out 5-3 (Groundball, 56S, EV 81.2 MPH)
Batting: LHB Ronald Lithgoe 0-0: Ball
1-0: Foul Ball, location: 2F
1-1: Ball
2-1: Ball
3-1: Swinging Strike
3-2: Foul Ball, location: 2F
3-2: Strikes out swinging
Top of the 6th over - 0 runs, 0 hits, 0 errors, 1 left on base; Greenport 6 - Gibtown 7
BOTTOM OF THE 6TH
Gibtown Elephants batting - Pitching for Greenport Harbor Whales : LHP Henry Burge
Batting: SHB Christian Cole 0-0: Ball
1-0: Foul Ball, location: 2F
1-1: Fly out, F4 (Popup, 3D, EV 72.5 MPH)
Batting: RHB Joe Frank 0-0: Swinging Strike
0-1: Called Strike
0-2: Strikes out swinging
Batting: RHB Virgil Guldenmond 0-0: Swinging Strike
0-1: Ball
1-1: Swinging Strike
1-2: Foul Ball, location: 2F
1-2: Strikes out swinging
Bottom of the 6th over - 0 runs, 0 hits, 0 errors, 0 left on base; Greenport 6 - Gibtown 7
TOP OF THE 7TH
Greenport Harbor Whales batting - Pitching for Gibtown Elephants : RHP Bill Culshaw
Batting: SHB Germán López 0-0: Ball
1-0: Called Strike
1-1: Ball
2-1: Ball
3-1: Foul Ball, location: 2F
3-2: Base on Balls
Batting: LHB Damon Cross 0-0: Called Strike
0-1: Ball
1-1: Ball
2-1: SINGLE (Groundball, 56D, EV 95.6 MPH)
Germán López to second
Pitching: RHP Ramón Rodríguez
Pinch Runner at 2nd John Ratzlaff:
Pinch Hitting: RHB Greg Ge 0-0: Swinging Strike
0-1: Fly out, F7 (Flyball, 7LS, EV 97.5 MPH)
Batting: LHB Kyung-ryul Kim 0-0: Ball
1-0: Called Strike
John Ratzlaff is caught stealing 3rd base 2-5
1-1: Foul Ball, location: 2F
1-2: Foul Ball, location: 2F
1-2: Strikes out swinging
Top of the 7th over - 0 runs, 1 hit, 0 errors, 1 left on base; Greenport 6 - Gibtown 7
BOTTOM OF THE 7TH
Gibtown Elephants batting - Pitching for Greenport Harbor Whales : LHP Henry Burge
Now at 2B: Jerry Simmons
Now in RF: Greg Ge
Batting: LHB Jeff McNeice 0-0: Ball
1-0: Foul Ball, location: 2F
1-1: Ball
2-1: Ball
3-1: Foul Ball, location: 2F
3-2: SINGLE (Groundball, 34D, EV 99.4 MPH)
Batting: LHB Jorge Cruz 0-0: Called Strike
0-1: Ball
1-1: 2-RUN HOME RUN (Line Drive, 9D, EV 95.0 MPH), Distance : 383 ft
Batting: LHB Dan Quintana 0-0: Called Strike
0-1: Swinging Strike
0-2: Foul Ball, location: 2F
0-2: Foul Ball, location: 2F
0-2: Ball
1-2: Ball
2-2: Strikes out looking
Batting: RHB Brian Martin 0-0: Called Strike
0-1: Ball
1-1: Ball
2-1: Ground out 6-3 (Groundball, 6, EV 85.0 MPH)
Batting: RHB Colton Pennington 0-0: Ball
1-0: Ball
2-0: Ball
3-0: Called Strike
3-1: Foul Ball, location: 2F
3-2: Strikes out looking
Bottom of the 7th over - 2 runs, 2 hits, 0 errors, 0 left on base; Greenport 6 - Gibtown 9
TOP OF THE 8TH
Greenport Harbor Whales batting - Pitching for Gibtown Elephants : RHP Ramón Rodríguez
Batting: RHB Román Espinoza 0-0: Called Strike
0-1: Foul Ball, location: 2F
0-2: Ball
1-2: SINGLE (Flyball, 8RS, EV 90.0 MPH)
Batting: RHB Greg Howard 0-0: Ball
1-0: Called Strike
1-1: Swinging Strike
1-2: Ball
2-2: Foul Ball, location: 2F
2-2: Ball
3-2: Strikes out swinging
Batting: RHB Jacob James 0-0: Foul Ball, location: 2F
0-1: Ball
1-1: Foul Ball, location: 2F
1-2: Fielders Choice at 2nd, 6-4 (Groundball, 6, EV 90.6 MPH)
Batting: RHB Kazuki Takahashi 0-0: Ball
1-0: Called Strike
1-1: Foul Ball, location: 2F
1-2: Ball
2-2: Strikes out looking
Top of the 8th over - 0 runs, 1 hit, 0 errors, 1 left on base; Greenport 6 - Gibtown 9
BOTTOM OF THE 8TH
Gibtown Elephants batting - Pitching for Greenport Harbor Whales : LHP Henry Burge
Batting: RHB Guillermo Alemán 0-0: Ball
1-0: Called Strike
1-1: Called Strike
1-2: Ball
2-2: Strikes out swinging
Pitching: LHP Donnie Ash
Batting: SHB Christian Cole 0-0: Foul Ball, location: 2F
0-1: Swinging Strike
0-2: Strikes out swinging
Batting: RHB Joe Frank 0-0: Called Strike
0-1: Ball
1-1: Swinging Strike
1-2: Foul Ball, location: 2F
1-2: Ball
2-2: Ball
3-2: Base on Balls
Batting: RHB Virgil Guldenmond 0-0: Fly out, F8 (Flyball, 8RM, EV 82.5 MPH)
Bottom of the 8th over - 0 runs, 0 hits, 0 errors, 1 left on base; Greenport 6 - Gibtown 9
TOP OF THE 9TH
Greenport Harbor Whales batting - Pitching for Gibtown Elephants : RHP Ramón Rodríguez
Batting: LHB Ronald Lithgoe 0-0: Called Strike
0-1: Ball
1-1: Called Strike
1-2: Strikes out looking
Batting: RHB Jerry Simmons 0-0: Ball
1-0: Foul Ball, location: 2F
1-1: Swinging Strike
1-2: Ball
2-2: Strikes out swinging
Batting: LHB Damon Cross 0-0: Called Strike
0-1: Foul Ball, location: 2F
0-2: Strikes out looking
Top of the 9th over - 0 runs, 0 hits, 0 errors, 0 left on base; Greenport 6 - Gibtown 9
Friday, April 17th, 2020 - OOTP Baseball 20.8 Build 74